 Dungeon Crawl Stone Soup version 0.19.5 (webtiles) character file.

5181 Peloso the Carver (level 10, -11/86 HPs)
             Began as a Minotaur Fighter on May 13, 2017.
             Was a High Priest of Okawaru.
             Killed from afar by Erolcha (29 damage)
             ... with a bolt of lightning
             ... on level 9 of the Dungeon.
             The game lasted 00:21:17 (7399 turns).

Peloso the Carver (Minotaur Fighter)                Turns: 7399, Time: 00:21:18

Health: -11/86     AC: 15    Str: 21    XL:     10   Next: 34%
Magic:  9/9        EV:  7    Int:  5    God:    Okawaru [*****.]
Gold:   485        SH: 11    Dex: 13    Spells: 0 memorised, 9 levels left

rFire  + . .     SeeInvis .     a - +1 long sword (venom)
rCold  . . .     Gourm    .     F - +1 plate armour
rNeg   . . .     Faith    .     c - +0 shield
rPois  .         Spirit   .     (helmet restricted)
rElec  .         Reflect  .     (no cloak)
rCorr  +         Harm     .     (no gloves)
MR     .....                    (no boots)
Stlth  ..........               (no amulet)
                                y - ring of resist corrosion
                                e - ring of protection from fire

@: no status effects
A: retaliatory headbutt, horns 2
a: Heroism, Finesse, Renounce Religion


You were on level 9 of the Dungeon.
You worshipped Okawaru.
Okawaru was extremely pleased with you.
You were not hungry.

You visited 1 branch of the dungeon, and saw 9 of its levels.
You also visited: Ossuary.

You collected 485 gold pieces.

Inventory:

Hand Weapons
 a - a +1 long sword of venom (weapon)
Armour
 c - a +0 shield (worn)
 F - a +1 plate armour (worn)
Jewellery
 e - a ring of protection from fire (left hand)
 i - an uncursed ring of stealth
 y - a ring of resist corrosion (right hand)
Wands
 j - a wand of lightning (3/15)
 A - a wand of digging (14/24)
Scrolls
 d - a scroll of fear
 h - 2 scrolls of amnesia
 n - 3 scrolls of enchant weapon
 o - 2 scrolls of remove curse
 q - a scroll of blinking
 t - 2 scrolls of teleportation
 w - a scroll of magic mapping
 z - a scroll of silence
Potions
 g - a potion of cure mutation
 l - 2 potions of brilliance
 p - 2 potions of curing
 r - 2 potions of heal wounds
 u - 3 potions of agility
 D - a potion of flight
 E - a potion of haste
 G - a potion of invisibility
Books
 x - a book of Necromancy

   Spells                             Type                      Level
   a - Pain                           Necromancy                   1
   b - Animate Skeleton               Necromancy                   1
   c - Vampiric Draining              Necromancy                   3
   d - Regeneration                   Charms/Necromancy            3
   e - Animate Dead                   Necromancy                   4
   f - Control Undead                 Necromancy                   4
Comestibles
 f - 4 bread rations
 k - 9 fruits
 m - 5 meat rations
 s - 2 beef jerkies
 B - 2 slices of pizza
 C - a chunk of flesh


   Skills:
 + Level 7.5 Fighting
 + Level 11.4 Long Blades
 + Level 9.0 Armour
 + Level 4.1 Dodging
 + Level 2.0 Stealth
 + Level 9.1 Shields
 + Level 0.2 Invocations


You had 9 spell levels left.
You didn't know any spells.

Dungeon Overview and Level Annotations

Branches:
Dungeon (9/15)             Temple (0/1) D:7            Lair (0/6) D:8
    Orc: D:9-12

Altars:
Ashenzari
Fedhas
Makhleb
Okawaru
Ru
Sif Muna
Trog
Uskayaw
Vehumet
Zin

Shops:
D:7 =   D:9 *

Annotations:
D:9 Erolcha


Innate Abilities, Weirdness & Mutations

You reflexively headbutt those who attack you in melee.
You have a pair of horns on your head.


Message History

Your shield and plate armour prevent you from hitting something.
Something hits you!!
* * * LOW HITPOINT WARNING * * *
You feel much better.
You hear some strange, mumbled words.
A stone arrow appears from out of thin air!
You block the stone arrow.
You hear a zap.
A bolt of acid appears from out of thin air!
The bolt of acid hits you! You resist.
You are splashed with acid!
The acid burns!
You resist.
* * * LOW HITPOINT WARNING * * *
You hit something but do no damage. You headbutt something!
You hit something but do no damage. You headbutt something. Something hits you!
* * * LOW HITPOINT WARNING * * *
You slash something! You headbutt something.
You hear some strange, mumbled words.
A bolt of lightning appears from out of thin air!
The bolt of lightning hits you!
You die...

................#
................#
#.............#
#####...#####.###
#.....^.#.......#
#.......#.......#
###.......#....YYH#
......##########{#######
..##### #.@.......
..#...# #.........
..#...# #.........
......# #........>
......# #.........
......# #.........
..##### ########## ..#
..#


You could see a hippogriff and 2 yaks.

Vanquished Creatures
  The ghost of Plasmo the Sneak, a novice HuWn (D:5)
  The ghost of monokles the Sneak, a novice OpAs (Ossuary)
  2 hippogriffs
  2 yaks (D:9)
  2 wyverns
  A vampire (D:9)
  Menkaure (D:5)
  5 orc warriors
  2 phantoms
  2 sky beasts
  4 centaurs
  A big kobold (D:8)
  Blork the orc (D:5)
  7 bullfrogs
  3 wights (D:7)
  2 howler monkeys (D:7)
  A crimson imp (D:9)
  A centaur zombie (D:5)
  9 hounds
  3 jellies
  10 orc wizards
  6 orc priests
  A centaur skeleton (D:3)
  An iguana (D:7)
  8 worker ants
  A hound skeleton (D:4)
  14 mummies (Ossuary)
  3 gnolls (D:5)
  5 adders
  3 shadow imps
  An ooze (D:3)
  An adder zombie (D:8)
  An adder skeleton (D:8)
  6 worms
  A dart slug (D:2)
  6 leopard geckos
  31 orcs
  6 ball pythons
  10 bats
  2 giant cockroaches
  6 goblins
  10 hobgoblins
  5 jackals
  6 quokkas
  3 frilled lizards
  2 goblin skeletons (Ossuary)
  17 kobolds
  3 kobold skeletons (Ossuary)
  A leopard gecko zombie (D:6)
  3 orc skeletons (Ossuary)
  A quokka skeleton (D:5)
  10 rats
  10 rat skeletons (Ossuary)
  2 plants (D:3)
247 creatures vanquished.

Vanquished Creatures (others)
  A rat skeleton (Ossuary)
1 creature vanquished.

Grand Total: 248 creatures vanquished

Notes
Turn   | Place    | Note
-------+----------+-------------------------------------------
     0 | D:1      | Peloso the Minotaur Fighter began the quest for the Orb.
     0 | D:1      | Reached XP level 1. HP: 19/19 MP: 0/0
    83 | D:1      | Reached XP level 2. HP: 25/27 MP: 1/1
   446 | D:2      | Reached XP level 3. HP: 32/33 MP: 2/2
   526 | D:2      | Found a blossoming altar of Fedhas.
   593 | D:2      | Reached skill level 3 in Long Blades
  1018 | D:3      | Found an iron altar of Okawaru.
  1021 | D:3      | Reached XP level 4. HP: 40/40 MP: 3/3
  1043 | D:3      | Became a worshipper of Warmaster Okawaru
  1052 | D:3      | Found a faded altar of an unknown god.
  1201 | D:3      | Reached skill level 1 in Dodging
  1323 | D:3      | Reached skill level 4 in Long Blades
  1379 | D:3      | Found a sacrificial altar of Ru.
  1702 | D:3      | Found a burning altar of Makhleb.
  1711 | D:3      | Reached XP level 5. HP: 29/46 MP: 4/4
  1897 | D:4      | Reached skill level 5 in Long Blades
  1925 | D:4      | Found a shattered altar of Ashenzari.
  1978 | D:4      | Noticed a phantom
  2019 | D:4      | Killed a phantom
  2019 | D:4      | Reached * piety under Okawaru
  2019 | D:4      | Reached XP level 6. HP: 38/53 MP: 5/5
  2279 | D:4      | You fall through a shaft for 3 floors!
  2294 | D:6      | Reached skill level 6 in Long Blades
  2294 | D:6      | Reached skill level 5 in Shields
  2297 | D:6      | Reached skill level 5 in Armour
  2365 | D:6      | Reached XP level 7. HP: 30/60 MP: 6/6
  2413 | D:6      | Reached ** piety under Okawaru
  2416 | D:6      | Found a shattered altar of Ashenzari.
  2597 | D:6      | Found a radiant altar of Vehumet.
  2603 | D:6      | Reached skill level 1 in Stealth
  2713 | D:6      | Found a sand-covered staircase.
  2714 | D:6      | Found a blossoming altar of Fedhas.
  2729 | D:6      | Reached skill level 7 in Long Blades
  2737 | D:6      | Reached skill level 5 in Fighting
  2842 | Ossuary  | Entered an ossuary
  2988 | Ossuary  | Noticed monokles's ghost (novice OpAs)
  3008 | Ossuary  | Killed monokles's ghost
  3008 | Ossuary  | Reached XP level 8. HP: 52/68 MP: 7/7
  3086 | Ossuary  | Reached skill level 8 in Long Blades
  3180 | Ossuary  | Reached *** piety under Okawaru
  3549 | D:5      | Entered Level 5 of the Dungeon
  3603 | D:5      | Noticed Menkaure
  3612 | D:5      | Killed Menkaure
  3757 | D:5      | Noticed Blork the orc
  3764 | D:5      | Found a deep blue altar of Sif Muna.
  3775 | D:5      | Killed Blork the orc
  3853 | D:5      | Noticed Plasmo's ghost (novice HuWn)
  3869 | D:5      | Killed Plasmo's ghost
  3869 | D:5      | Reached skill level 9 in Long Blades
  3894 | D:5      | HP: 2/70 [orc priest (2)]
  3897 | D:5      | Reached XP level 9. HP: 28/75 MP: 8/8
  4378 | D:5      | Found a hide-covered altar of Uskayaw.
  4379 | D:5      | Found a bloodstained altar of Trog.
  4441 | D:5      | Reached **** piety under Okawaru
  5127 | D:6      | Reached skill level 10 in Long Blades
  5273 | D:7      | Found Zatz's Jewellery Boutique.
  5429 | D:7      | Found a staircase to the Ecumenical Temple.
  5473 | D:7      | Reached ***** piety under Okawaru
  5906 | D:8      | Reached XP level 10. HP: 59/86 MP: 9/9
  6190 | D:8      | Found a staircase to the Lair.
  6358 | D:8      | Reached skill level 11 in Long Blades
  6900 | D:9      | Found Zin's Purification Station.
  6905 | D:9      | Found a glowing silver altar of Zin.
  7365 | D:9      | Noticed Erolcha
  7399 | D:9      | Killed from afar by Erolcha

Skill      XL: |  1  2  3  4  5  6  7  8  9 10 |
---------------+-------------------------------+-----
Shields        | 4 5 6 8 9 |  9.1
Armour         | 4 5 6 8 9 |  9.0
Long Blades    | 3 4 5 6 7 9 10 11 | 11.4
Fighting       | 4 5 7 |  7.5
Dodging        | 1 2 3 4 |  4.1
Stealth        | 1 2 |  2.0
Invocations    | |  0.2

Action                   |  1- 3 |  4- 6 |  7- 9 | 10-12 || total
-------------------------+-------+-------+-------+-------++-------
Melee: Long sword        |    98 |   155 |   402 |   126 ||   781
       Headbutt          |    10 |    38 |    89 |    23 ||   160
Invok: Heroism           |       |       |     1 |     2 ||     3
  Use: Scroll            |     5 |     2 |    14 |     1 ||    22
       Potion            |     2 |       |     6 |     3 ||    11
 Stab: Sleeping          |       |       |     1 |       ||     1
  Eat: Chunk             |     1 |     3 |    11 |     5 ||    20
       Fruit             |       |       |     2 |       ||     2
Armor: Scale mail        |    66 |    51 |    26 |       ||   143
       Chain mail        |       |       |   178 |       ||   178
       Plate armour      |       |       |    21 |    55 ||    76
Dodge: Dodged            |    36 |    34 |   116 |    21 ||   207
Block: Shield            |    65 |    71 |   245 |    65 ||   446
       Rpst.: Long sword |     4 |    11 |    26 |     7 ||    48
